 Dungeon Crawl Stone Soup version 0.28-a0-983-g1de4e0787c (webtiles) character file.

Game seed: 1209863656283095044

707 Redcow54321 the Grappler (level 7, 0/59 HPs)
             Began as a Ghoul Fighter on Dec 3, 2021.
             Slain by a gnoll sergeant (6 damage)
             ... on level 5 of the Dungeon.
             The game lasted 00:04:43 (2931 turns).

Redcow54321 the Grappler (Ghoul Fighter)            Turns: 2931, Time: 00:04:44

Health: 0/59       AC:  4    Str: 22    XL:     7   Next: 67%
Magic:  6/6        EV: 11    Int:  3    God:
Gold:   110        SH:  0    Dex:  8    Spells: 6/6 levels left

rFire   . . .      SeeInvis .     - Unarmed
rCold   + . .      Faith    .   (no shield)
rNeg    + + +      Spirit   .   k - +0 troll leather armour {Pargi}
rPois   ∞          Reflect  .   (no helmet)
rElec   .          Harm     .   (no cloak)
rCorr   .          Rampage  .   (no gloves)
Will    .....                   (no boots)
Stlth   +.........              (no amulet)
HPRegen 0.00/turn               (no ring)
MPRegen 0.10/turn               (no ring)

@: inhibited regen
A: claws 1, cold resistance 1, negative energy resistance 3, inhibited
regeneration, torment resistance 2
a: no special abilities


You were on level 5 of the Dungeon.
You visited 1 branch of the dungeon, and saw 5 of its levels.

You collected 110 gold pieces.

Inventory:

Armour
 a - a +0 scale mail
 b - a +0 buckler
 k - a +0 troll leather armour (worn) {Pargi}
Jewellery
 q - a ring of fire
Wands
 p - a wand of flame (40)
Scrolls
 c - a scroll of amnesia {unknown}
 d - 4 scrolls of teleportation {unknown}
 f - 2 scrolls of magic mapping {unknown}
 l - a scroll of fear {unknown}
 m - 3 scrolls of identify {unknown}
 o - a scroll of immolation {unknown}
 r - a scroll of fog {unknown}
Potions
 e - a potion of resistance {unknown}
 g - 2 potions of curing {unknown}
 h - 2 potions of degeneration {unknown}
 i - a potion of attraction {unknown}
 j - a potion of flight {unknown}
 n - a potion of heal wounds {unknown}


   Skills:
 - Level 4.3 Fighting
 - Level 2.6 Armour
 - Level 2.6 Shields
 * Level 8.8 Unarmed Combat


You had 6 spell levels left.
You didn't know any spells.
Your spell library contained the following spells:

 Spells                   Type           Power      Damage    Failure   Level
 Call Canine Familiar     Summ           0%         N/A       91%         3
 Dazzling Flash           Conj/Hex       0%         N/A       91%         3
 Portal Projectile        Hex/Tloc       0%         N/A       91%         3
 Leda's Liquefaction      Hex/Erth       0%         N/A       100%        4
 Agony                    Necr           0%         N/A       100%        5
 Silence                  Hex/Air        0%         N/A       100%        5
 Conjure Ball Lightning   Conj/Air       0%         3x3d6     100%        6
 Discord                  Hex            0%         N/A       100%        8
 Disjunction              Tloc           0%         N/A       100%        8


Dungeon Overview and Level Annotations

Branches:
Dungeon (5/15)             Temple (0/1) D:4

Altars:
Yredelemnul

Annotations:
D:3 1 runed translucent door, Dvallin's ghost, amateur OpTm
D:4 1 runed translucent door


Innate Abilities, Weirdness & Mutations

You thrive by killing the living.
You are immune to poison.
You have sharp fingernails.
Your flesh is cold resistant. (rC+)
You are immune to negative energy. (rN+++)
You do not regenerate when monsters are visible.
You are immune to unholy pain and torment.


Message History

You hear a shout!
There are monsters nearby! 2 gnolls come into view.
The gnoll shouts! x2
The gnoll moves out of view.
The gnoll sergeant hits the plant with a +0 trident!
The plant begins to die.
An orc comes into view. It is wielding a +0 short sword.
You see here a water moccasin corpse.
The gnoll hits you with a +0 club.
A nearby plant withers and dies.
Found a stone staircase leading down.
A worm comes into view.
The gnoll sergeant hits you from afar with a +1 vampiric spear!
You claw the worm!
The worm is heavily wounded.
The gnoll sergeant hits you from afar with a +1 vampiric spear.
The worm bites you.
You scratch the worm but do no damage.
The worm is heavily wounded.
The gnoll sergeant closely misses you.
You completely miss the worm.
The worm is heavily wounded.
The worm barely misses you.
The gnoll sergeant hits you from afar with a +1 vampiric spear!
You completely miss the worm.
The worm is heavily wounded.
The gnoll sergeant hits you from afar with a +1 vampiric spear.
The gnoll sergeant hits you from afar with a +0 trident!
* * * LOW HITPOINT WARNING * * *
The worm closely misses you.
You barely miss the worm. You claw the worm.
The worm is severely wounded.
The gnoll sergeant hits you but does no damage.
The gnoll sergeant hits you from afar with a +0 trident.
* * * LOW HITPOINT WARNING * * *
You scratch the worm.
The worm is almost dead.
The gnoll sergeant hits you from afar with a +1 vampiric spear.
You die...

#...# #...#
#...#
#####...########
...............#
>...........gg.#
........g...ggg#
#####...#####.##
#...# #@# #.#g#
#.w...... #..g#
###...#.#
########.g.###
#.##
.<..##.......#
.#
###.##†#...#.# #
###.##.##....###
.......###†....#
.##.#..# #.#g#.#


You could see 2 gnoll sergeants, a worm and 3 gnolls.

Vanquished Creatures
  A water moccasin (D:5)
  A black bear (D:4)
  Pargi (D:4)
  An ogre (D:4)
  A bullfrog zombie (D:4)
  2 hounds
  A jelly (D:4)
  A human zombie (D:4)
  2 iguanas
  Ijyb (D:4)
  2 adders
  2 worms
  2 dart slugs (D:2)
  5 ball pythons
  7 endoplasms
  A giant cockroach (D:1)
  8 goblins
  11 hobgoblins
  2 jackals (D:4)
  3 quokkas
  5 bats
  5 frilled lizards
  A jackal skeleton (D:4)
  4 kobolds
  7 rats
77 creatures vanquished.

Vanquished Creatures (others)
  3 plants (D:5)
3 creatures vanquished.

Grand Total: 80 creatures vanquished

Notes
Turn   | Place    | Note
-------+----------+-------------------------------------------
     0 | D:1      | Redcow54321 the Ghoul Fighter began the quest for the Orb.
     0 | D:1      | Reached XP level 1. HP: 19/19 MP: 0/0
   263 | D:1      | Reached XP level 2. HP: 27/27 MP: 1/1
   924 | D:2      | Reached XP level 3. HP: 26/33 MP: 2/2
   927 | D:2      | Reached skill level 3 in Unarmed Combat
  1436 | D:3      | Reached XP level 4. HP: 40/40 MP: 3/3
  1472 | D:3      | Found a runed translucent door.
  1473 | D:3      | Noticed Dvallin's ghost (amateur OpTm)
  1815 | D:3      | Reached skill level 4 in Unarmed Combat
  2138 | D:4      | Noticed a human
  2138 | D:4      | Found a runed translucent door.
  2152 | D:4      | Reached skill level 5 in Unarmed Combat
  2152 | D:4      | Reached XP level 5. HP: 34/46 MP: 4/4
  2239 | D:4      | Noticed an ogre
  2245 | D:4      | Killed an ogre
  2246 | D:4      | Reached skill level 6 in Unarmed Combat
  2278 | D:4      | Reached XP level 6. HP: 51/52 MP: 5/5
  2292 | D:4      | Noticed Pargi
  2299 | D:4      | Killed Pargi
  2440 | D:4      | Found a staircase to the Ecumenical Temple.
  2502 | D:4      | Reached skill level 7 in Unarmed Combat
  2570 | D:4      | Noticed a black bear
  2577 | D:4      | Killed a black bear
  2578 | D:4      | Reached XP level 7. HP: 35/59 MP: 6/6
  2615 | D:4      | Found a basalt altar of Yredelemnul.
  2762 | D:4      | Noticed Ijyb
  2770 | D:4      | Killed Ijyb
  2771 | D:4      | Reached skill level 8 in Unarmed Combat
  2842 | D:5      | Entered Level 5 of the Dungeon
  2931 | D:5      | Slain by a gnoll sergeant

Illustrated notes

Levels and vault maps discovered:
D:1:      lemuel_arrival_room, layout_loops_ring
D:2:      minmay_recursive_quarters, layout_loops_cross,
          shapermc_ecumenical_altar_ellora, uniq_crazy_yiuf_cottage
D:3:      layout_loops_ring, ebering_ghost_reflecting_pool
D:4:      layout_gridville, dk_yredelemnul_ordeal, minmay_temple_entry_hall,
          uniq_pargi, uniq_ijyb
D:5:      layout_loops_cross, supply_closet_lemuel, nicolae_grassy_gnolls,
          uniq_duvessa

Skill      XL: |  1  2  3  4  5  6  7 |
---------------+----------------------+-----
Fighting       | 4 |  4.3
Unarmed Combat | 3 5 6 7 8 |  8.8
Armour         | |  2.6
Shields        | |  2.6

Action                   |  1- 3 |  4- 6 |  7- 9 || total
-------------------------+-------+-------+-------++-------
Melee: Unarmed           |   120 |    93 |    58 ||   271
       Punch             |     1 |     7 |     1 ||     9
  Use: Potion            |       |     1 |       ||     1
Armor: Scale mail        |    58 |    22 |       ||    80
       Troll leather arm |       |     9 |     6 ||    15
Dodge: Dodged            |    51 |    42 |    24 ||   117

Table legend: (Time is in decaauts)
 A = Elapsed time spent in this place.
 B = Non-inter-level travel time spent in this place.
 C = Inter-level travel time spent in this place.
 D = Time resting spent in this place.
 E = Time spent auto-exploring this place.
 F = Levels seen in this place.
 G = Mean time per level.
                   A        B        C        D        E       F      G
               +--------+--------+--------+--------+--------+-----+--------+
         Total |   2906 |   2801 |    105 |      0 |   2278 |   5 |  581.2 |
       Dungeon |   2906 |   2801 |    105 |      0 |   2278 |   5 |  581.2 |
               +--------+--------+--------+--------+--------+-----+--------+

Top non-repeatable levels by time:
     D:1: 798 daAuts
     D:3: 790 daAuts
     D:4: 693 daAuts
     D:2: 539 daAuts
     D:5: 84 daAuts
